[ PARTIDA AOE2 · #488581647 ]
UnrankedMapuche vs Hindustanis
Equipo del jugador · VICT
Equipo rival · DERR
[ ANÁLISIS DE REPETICIÓN · EXTRAÍDO DE LA PARTIDA GRABADA ]
Feudal
8:26
Castillos
22:43
Imperial
—
| APM promedio | 73.1 |
| APM pico | 109 |
| eAPM promedio | 42.6 |
| Aldeanos / militares | 53 / 65 |
Foco
⚔️ 66.0% · 🌾 34.0%
Kona ×39 · Spearman ×22 · Monk ×2 · Skirmisher ×2
Feudal
10:56
Castillos
14:36
Imperial
—
| APM promedio | 57.3 |
| APM pico | 90 |
| eAPM promedio | 26.0 |
| Aldeanos / militares | 65 / 62 |
Foco
⚔️ 37.1% · 🌾 62.9%
Ghulam ×50 · Monk ×12
Mapa de la partida
Recursos iniciales + cada clic de construcción. Líneas = muros · curvas = relieve. ◆ oro · ⬟ piedra · ● bayas · ✦ reliquia · ◌ hueco del cierre
Tu base· ✓ Cerrada en 22:43 · 49t muro · 1 puerta(s)
Base de Floop· Abierta — hueco de 5t
Terreno inicial suavizado · ◌ = hueco del cierre detectado · pasá el cursor para detalles
Inputs por minuto
— 霍霍可爱捏 - - Floop
Build order — 霍霍可爱捏
Primeras 150 de 218 acciones detectadas
| 0:00 | Crear | Villager (Male) |
| 0:01 | Crear | Villager (Male) |
| 0:02 | Construir | House |
| 0:03 | Construir | House |
| 0:04 | Crear | Villager (Male) |
| 0:06 | Crear | Villager (Male) |
| 1:25 | Crear | Villager (Male) |
| 2:02 | Crear | Villager (Male) |
| 2:15 | Crear | Villager (Male) |
| 2:39 | Construir | Settlement |
| 2:42 | Crear | Villager (Male) |
| 3:00 | Crear | Villager (Male) |
| 3:32 | Crear | Villager (Male) |
| 4:02 | Crear | Villager (Male) |
| 4:04 | Crear | Villager (Male) |
| 4:28 | Crear | Villager (Male) |
| 4:32 | Crear | Villager (Male) |
| 4:51 | Crear | Villager (Male) |
| 5:56 | Construir | Settlement |
| 6:10 | Investigar | Feudal Age |
| 6:15 | Investigar | Loom |
| 7:05 | Construir | Palisade Wall |
| 7:06 | Construir | Palisade Wall |
| 7:10 | Construir | House |
| 7:16 | Construir | Palisade Wall |
| 7:18 | Construir | Palisade Wall |
| 7:20 | Construir | Palisade Wall |
| 7:24 | Crear | Villager (Male) |
| 7:31 | Construir | Palisade Wall |
| 7:34 | Construir | Palisade Wall |
| 7:35 | Construir | Palisade Wall |
| 7:53 | Construir | Settlement |
| 8:06 | Crear | Villager (Male) |
| 8:26 | Edad | Edad Feudal |
| 8:26 | Construir | Palisade Wall |
| 8:29 | Investigar | Double-Bit Axe |
| 8:29 | Crear | Spearman |
| 8:30 | Crear | Spearman |
| 8:54 | Construir | House |
| 9:00 | Construir | Palisade Wall |
| 9:02 | Construir | Palisade Wall |
| 9:04 | Crear | Spearman |
| 9:07 | Construir | Palisade Wall |
| 9:09 | Construir | Palisade Wall |
| 9:22 | Crear | Villager (Male) |
| 9:40 | Construir | Palisade Wall |
| 9:42 | Construir | Palisade Wall |
| 9:51 | Crear | Villager (Male) |
| 10:04 | Crear | Villager (Male) |
| 10:10 | Construir | Farm |
| 10:18 | Construir | Palisade Wall |
| 10:30 | Construir | Farm |
| 10:34 | Construir | Farm |
| 10:35 | Construir | Farm |
| 10:37 | Construir | Farm |
| 10:40 | Crear | Villager (Male) |
| 10:52 | Crear | Villager (Male) |
| 11:09 | Construir | Settlement |
| 11:23 | Crear | Villager (Male) |
| 11:31 | Construir | Farm |
| 11:49 | Crear | Villager (Male) |
| 12:15 | Crear | Villager (Male) |
| 12:46 | Crear | Villager (Male) |
| 13:12 | Construir | Market |
| 13:14 | Construir | Market |
| 13:16 | Crear | Villager (Male) |
| 13:32 | Crear | Spearman |
| 13:33 | Crear | Spearman |
| 13:36 | Crear | Villager (Male) |
| 13:40 | Crear | Spearman |
| 13:55 | Crear | Spearman |
| 13:55 | Crear | Skirmisher |
| 13:56 | Crear | Villager (Male) |
| 13:59 | Construir | House |
| 14:01 | Construir | House |
| 14:23 | Crear | Villager (Male) |
| 14:28 | Crear | Spearman |
| 14:29 | Crear | Spearman |
| 14:30 | Crear | Villager (Male) |
| 14:38 | Construir | Palisade Wall |
| 14:42 | Construir | House |
| 14:45 | Crear | Spearman |
| 14:49 | Crear | Spearman |
| 15:05 | Crear | Villager (Male) |
| 15:10 | Crear | Spearman |
| 15:17 | Construir | Watch Tower |
| 15:30 | Crear | Villager (Male) |
| 15:32 | Crear | Spearman |
| 15:40 | Crear | Spearman |
| 15:44 | Crear | Villager (Male) |
| 15:45 | Crear | Spearman |
| 15:55 | Crear | Spearman |
| 15:58 | Crear | Spearman |
| 15:59 | Crear | Spearman |
| 16:06 | Crear | Villager (Male) |
| 16:10 | Crear | Spearman |
| 16:40 | Construir | Blacksmith |
| 16:54 | Crear | Villager (Male) |
| 17:20 | Investigar | Forging |
| 17:22 | Investigar | Scale Mail Armor |
| 17:26 | Crear | Villager (Male) |
| 17:31 | Crear | Spearman |
| 17:40 | Construir | Palisade Wall |
| 17:47 | Construir | Farm |
| 17:47 | Construir | Farm |
| 17:47 | Construir | Farm |
| 17:52 | Construir | Gate |
| 17:54 | Construir | House |
| 18:18 | Construir | House |
| 18:25 | Crear | Villager (Male) |
| 18:49 | Crear | Villager (Male) |
| 18:52 | Construir | Farm |
| 19:04 | Construir | House |
| 19:12 | Construir | Farm |
| 19:14 | Construir | Farm |
| 19:16 | Construir | Farm |
| 19:40 | Construir | Stone Wall |
| 19:53 | Construir | Stone Wall |
| 20:03 | Investigar | Castle Age |
| 20:10 | Construir | House |
| 20:11 | Construir | House |
| 20:24 | Investigar | Forging |
| 20:36 | Construir | Stone Wall |
| 20:37 | Construir | Stone Wall |
| 20:42 | Construir | Stone Wall |
| 20:47 | Crear | Skirmisher |
| 21:06 | Construir | Stone Wall |
| 21:07 | Construir | Stone Wall |
| 21:12 | Construir | Stone Wall |
| 21:28 | Construir | Stone Wall |
| 21:32 | Construir | Farm |
| 21:58 | Construir | Farm |
| 22:35 | Crear | Villager (Male) |
| 22:43 | Edad | Edad de los Castillos |
| 22:46 | Construir | Castle |
| 22:54 | Crear | Villager (Male) |
| 23:02 | Investigar | Horse Collar |
| 23:03 | Investigar | Horse Collar |
| 23:06 | Construir | Farm |
| 23:08 | Construir | Farm |
| 23:09 | Construir | Farm |
| 23:11 | Construir | Farm |
| 23:13 | Construir | House |
| 23:16 | Construir | House |
| 23:17 | Crear | Villager (Male) |
| 23:36 | Crear | Kona |
| 23:36 | Crear | Kona |
| 23:37 | Crear | Kona |
| 23:37 | Crear | Kona |
| 23:50 | Construir | Farm |
Build order — Floop
Primeras 150 de 185 acciones detectadas
| 0:00 | Crear | Villager (Male) |
| 0:01 | Crear | Villager (Male) |
| 0:01 | Crear | Villager (Male) |
| 0:02 | Construir | House |
| 0:04 | Construir | House |
| 0:22 | Crear | Villager (Male) |
| 0:23 | Crear | Villager (Male) |
| 1:05 | Crear | Villager (Male) |
| 1:28 | Crear | Villager (Male) |
| 1:29 | Crear | Villager (Male) |
| 2:00 | Crear | Villager (Male) |
| 2:01 | Crear | Villager (Male) |
| 2:12 | Construir | Lumber Camp |
| 2:16 | Crear | Villager (Male) |
| 2:54 | Crear | Villager (Male) |
| 3:05 | Crear | Villager (Male) |
| 3:34 | Crear | Villager (Male) |
| 3:35 | Crear | Villager (Male) |
| 3:58 | Crear | Villager (Male) |
| 3:58 | Crear | Villager (Male) |
| 4:07 | Construir | House |
| 4:12 | Construir | Palisade Wall |
| 4:17 | Crear | Villager (Male) |
| 4:24 | Crear | Villager (Male) |
| 4:55 | Construir | Mill |
| 5:06 | Crear | Villager (Male) |
| 5:06 | Crear | Villager (Male) |
| 5:08 | Crear | Villager (Male) |
| 5:21 | Crear | Villager (Male) |
| 5:47 | Crear | Villager (Male) |
| 5:51 | Construir | House |
| 6:03 | Crear | Villager (Male) |
| 6:05 | Crear | Villager (Male) |
| 6:10 | Crear | Villager (Male) |
| 6:16 | Crear | Villager (Male) |
| 6:23 | Crear | Villager (Male) |
| 6:26 | Construir | Palisade Wall |
| 6:26 | Construir | Palisade Wall |
| 6:32 | Crear | Villager (Male) |
| 6:35 | Crear | Villager (Male) |
| 6:44 | Construir | Palisade Wall |
| 6:44 | Construir | Palisade Wall |
| 6:47 | Construir | Palisade Wall |
| 6:55 | Crear | Villager (Male) |
| 7:15 | Crear | Villager (Male) |
| 7:24 | Crear | Villager (Male) |
| 7:57 | Construir | Mining Camp |
| 7:59 | Crear | Villager (Male) |
| 8:02 | Crear | Villager (Male) |
| 8:08 | Investigar | Loom |
| 8:09 | Investigar | Feudal Age |
| 8:20 | Construir | Palisade Wall |
| 8:45 | Construir | Palisade Wall |
| 8:47 | Construir | Palisade Wall |
| 8:47 | Construir | Palisade Wall |
| 8:53 | Construir | Palisade Wall |
| 8:56 | Construir | Palisade Wall |
| 9:55 | Construir | House |
| 10:43 | Crear | Villager (Male) |
| 10:56 | Edad | Edad Feudal |
| 10:58 | Crear | Villager (Male) |
| 11:02 | Construir | Market |
| 11:18 | Construir | Blacksmith |
| 11:38 | Construir | Palisade Wall |
| 11:56 | Investigar | Castle Age |
| 11:56 | Investigar | Castle Age |
| 14:34 | Crear | Villager (Male) |
| 14:36 | Edad | Edad de los Castillos |
| 14:38 | Crear | Villager (Male) |
| 14:53 | Construir | Castle |
| 15:42 | Construir | Mining Camp |
| 16:22 | Crear | Ghulam |
| 16:22 | Crear | Ghulam |
| 16:22 | Crear | Ghulam |
| 16:22 | Crear | Ghulam |
| 16:27 | Crear | Ghulam |
| 16:52 | Construir | House |
| 17:14 | Crear | Ghulam |
| 17:40 | Crear | Ghulam |
| 17:41 | Crear | Ghulam |
| 17:44 | Crear | Villager (Male) |
| 17:45 | Crear | Villager (Male) |
| 17:45 | Crear | Villager (Male) |
| 18:12 | Crear | Villager (Male) |
| 18:19 | Crear | Ghulam |
| 18:19 | Crear | Ghulam |
| 18:47 | Crear | Ghulam |
| 18:48 | Crear | Ghulam |
| 19:09 | Crear | Ghulam |
| 19:10 | Crear | Ghulam |
| 19:15 | Crear | Villager (Male) |
| 19:21 | Crear | Ghulam |
| 19:23 | Crear | Villager (Male) |
| 19:23 | Crear | Villager (Male) |
| 19:44 | Construir | Mill |
| 20:23 | Crear | Ghulam |
| 20:23 | Crear | Ghulam |
| 20:39 | Crear | Ghulam |
| 20:40 | Crear | Ghulam |
| 20:42 | Crear | Villager (Male) |
| 20:42 | Crear | Villager (Male) |
| 21:00 | Construir | Farm |
| 21:11 | Crear | Ghulam |
| 21:11 | Crear | Ghulam |
| 21:20 | Crear | Ghulam |
| 21:20 | Crear | Ghulam |
| 21:45 | Crear | Ghulam |
| 21:45 | Crear | Ghulam |
| 21:53 | Crear | Villager (Male) |
| 21:58 | Crear | Ghulam |
| 21:59 | Crear | Ghulam |
| 22:11 | Construir | Siege Workshop |
| 22:16 | Crear | Ghulam |
| 22:16 | Crear | Ghulam |
| 22:17 | Crear | Villager (Male) |
| 22:31 | Crear | Ghulam |
| 22:32 | Crear | Ghulam |
| 22:45 | Construir | Farm |
| 22:50 | Crear | Ghulam |
| 22:50 | Crear | Ghulam |
| 23:13 | Crear | Villager (Male) |
| 23:14 | Crear | Villager (Male) |
| 23:14 | Crear | Villager (Male) |
| 23:15 | Construir | Farm |
| 23:17 | Crear | Villager (Male) |
| 23:30 | Construir | House |
| 23:44 | Crear | Ghulam |
| 23:45 | Crear | Ghulam |
| 24:04 | Construir | Monastery |
| 24:13 | Crear | Ghulam |
| 24:14 | Crear | Ghulam |
| 24:37 | Construir | Palisade Wall |
| 24:39 | Construir | Palisade Wall |
| 25:06 | Crear | Monk |
| 25:12 | Crear | Ghulam |
| 25:16 | Construir | Farm |
| 25:18 | Construir | Farm |
| 25:19 | Construir | Farm |
| 25:19 | Construir | Farm |
| 25:19 | Construir | Farm |
| 25:20 | Construir | Farm |
| 25:39 | Crear | Ghulam |
| 25:41 | Crear | Monk |
| 25:45 | Construir | House |
| 25:54 | Crear | Monk |
| 26:22 | Crear | Monk |
| 26:47 | Crear | Villager (Male) |
| 26:56 | Crear | Ghulam |
| 26:57 | Crear | Monk |
| 27:25 | Crear | Monk |
Cronología de la partida
| 4:12 | Floop · wall_segment Palisade Wall x6 |
| 6:26 | Floop · wall_segment Palisade Wall x1 |
| 6:26 | Floop · wall_segment Palisade Wall x1 |
| 6:44 | Floop · wall_segment Palisade Wall x1 |
| 6:44 | Floop · wall_segment Palisade Wall x1 |
| 6:47 | Floop · wall_segment Palisade Wall x4 |
| 7:05 | 霍霍可爱捏 · wall_segment Palisade Wall x1 |
| 7:06 | 霍霍可爱捏 · wall_segment Palisade Wall x2 |
| 7:16 | 霍霍可爱捏 · wall_segment Palisade Wall x1 |
| 7:18 | 霍霍可爱捏 · wall_segment Palisade Wall x4 |
| 7:20 | 霍霍可爱捏 · wall_segment Palisade Wall x1 |
| 7:31 | 霍霍可爱捏 · wall_segment Palisade Wall x1 |
| 7:34 | 霍霍可爱捏 · wall_segment Palisade Wall x4 |
| 7:35 | 霍霍可爱捏 · wall_segment Palisade Wall x1 |
| 8:20 | Floop · wall_segment Palisade Wall x7 |
| 8:26 | 霍霍可爱捏 · age_up feudal |
| 8:26 | 霍霍可爱捏 · wall_segment Palisade Wall x6 |
| 8:45 | Floop · wall_segment Palisade Wall x1 |
| 8:47 | Floop · wall_segment Palisade Wall x1 |
| 8:47 | Floop · wall_segment Palisade Wall x1 |
| 8:53 | Floop · wall_segment Palisade Wall x1 |
| 8:56 | Floop · wall_segment Palisade Wall x1 |
| 9:00 | 霍霍可爱捏 · wall_segment Palisade Wall x3 |
| 9:02 | 霍霍可爱捏 · wall_segment Palisade Wall x3 |
| 9:07 | 霍霍可爱捏 · wall_segment Palisade Wall x1 |
| 9:09 | 霍霍可爱捏 · wall_segment Palisade Wall x2 |
| 9:40 | 霍霍可爱捏 · wall_segment Palisade Wall x1 |
| 9:42 | 霍霍可爱捏 · wall_segment Palisade Wall x5 |
| 10:18 | 霍霍可爱捏 · wall_segment Palisade Wall x6 |
| 10:56 | Floop · age_up feudal |
| 11:38 | Floop · wall_segment Palisade Wall x1 |
| 11:53 | Floop · first_market_sell 100 stone |
| 11:54 | Floop · first_market_buy 100 food |
| 14:36 | Floop · age_up castle |
| 14:38 | 霍霍可爱捏 · wall_segment Palisade Wall x1 |
| 14:53 | Floop · first_building Castle |
| 17:40 | 霍霍可爱捏 · wall_segment Palisade Wall x1 |
| 19:33 | 霍霍可爱捏 · first_market_buy 100 food |
| 19:34 | 霍霍可爱捏 · first_market_sell 100 wood |
| 19:40 | 霍霍可爱捏 · wall_segment Stone Wall x1 |
| 19:53 | 霍霍可爱捏 · wall_segment Stone Wall x1 |
| 20:36 | 霍霍可爱捏 · wall_segment Stone Wall x1 |
| 20:37 | 霍霍可爱捏 · wall_segment Stone Wall x1 |
| 20:42 | 霍霍可爱捏 · wall_segment Stone Wall x1 |
| 21:06 | 霍霍可爱捏 · wall_segment Stone Wall x1 |
| 21:07 | 霍霍可爱捏 · wall_segment Stone Wall x1 |
| 21:12 | 霍霍可爱捏 · wall_segment Stone Wall x1 |
| 21:28 | 霍霍可爱捏 · wall_segment Stone Wall x1 |
| 22:11 | Floop · first_building Siege Workshop |
| 22:43 | 霍霍可爱捏 · age_up castle |
| 22:46 | 霍霍可爱捏 · first_building Castle |
| 24:04 | Floop · first_building Monastery |
| 24:37 | Floop · wall_segment Palisade Wall x1 |
| 24:39 | Floop · wall_segment Palisade Wall x1 |
| 25:59 | 霍霍可爱捏 · wall_segment Stone Wall x1 |
| 26:41 | 霍霍可爱捏 · first_building Monastery |
| 29:45 | 霍霍可爱捏 · wall_segment Palisade Wall x1 |
| 31:39 | Floop · resign |
[ ANÁLISIS IA · 1 CRÉDITO ]
¿Qué pasó realmente en esta partida?
Wolo.gg analiza cada decisión: build order, eco, micro, errores típicos por bracket. Análisis personalizado por WhatsApp o Discord en 30 segundos.
Guía civ
Mapuche
Perfil
Jugador #25552492